Map: Lerilak Crest

Players

Koakq - Winner!

  • Race: Terran Terran
  • League: Diamond

LilDicky

  • Race: Terran Terran
  • League: Diamond

VOD

http://www.twitch.tv/tumescentpie

Description

Time

  • Played on: Dec. 3, 2015, 12:55 p.m.
  • Length: 12:01
Show
View Real Time Build Order
Export as new Build Order

Koakq Terran - Winner!

Build Orders: Bio Tank, MMM Bio 

Get SALT Encoding   

  12  0:01  SCV  
  13  0:13  SCV  
  14  0:17  Supply Depot  
  14  0:25  SCV  
  15  0:39  SCV  
  15  0:41  Barracks  
  16  0:45  Refinery  
  16  0:51  SCV  
  17  1:00  Barracks  
  17  1:05  SCV  
  18  1:18  SCV, Refinery  
  19  1:34  Orbital Command  
  19  1:37  Reaper  
  20  1:49  Reaper  
  21  2:00  SCV  
  22  2:10  Supply Depot  
  22  2:12  Reaper  
  23  2:23  Barracks Tech Lab  
  23  2:29  Factory  
  23  2:31  SCV  
  24  2:43  SCV  
  25  2:44  Barracks Reactor  
  25  2:45  Supply Depot  
  25  2:52  Marauder  
  25  2:57  SCV  
  25  3:21  Marine x2, Marauder  
  25  3:24  Starport  
  25  3:25  SCV  
  30  3:39  Command Center  
  30  3:40  Marine x2  
  32  3:43  Marine  
  32  3:47  Stimpack  
  33  3:52  Supply Depot  
  33  3:59  Marine x2  
  33  4:02  Medivac  
  37  4:06  Marine  
  38  4:16  Factory Reactor  
  38  4:18  Marine x2  
  40  4:26  Supply Depot, Engineering Bay, Marine  
  41  4:33  Medivac  
  43  4:44  Marine x2  
  43  4:45  Marine  
  46  4:48  Supply Depot  
  46  4:56  Missile Turret  
  46  5:02  Terran Infantry Weapons Level 1, Liberator  
  46  5:03  Marine x2  
  46  5:05  SCV  
  49  5:09  Factory Tech Lab  
  46  5:17  Marine  
  49  5:26  Marine x2  
  51  5:38  Marine  
  51  5:40  Siege Tank  
  54  5:46  Marine x2  
  54  5:47  Medivac  
  54  5:48  SCV  
  56  6:02  Marine  
  57  6:08  Marine x2  
  57  6:10  Orbital Command  
  57  6:20  SCV  
  57  6:25  Liberator  
  52  6:26  Missile Turret  
  52  6:31  Marine x3  
  52  6:32  Siege Tank  
  60  6:52  Supply Depot  
  60  6:55  Barracks  
  61  7:01  SCV  
  61  7:02  SCV  
  62  7:10  Marine x3  
  62  7:12  Combat Shields  
  59  7:17  Supply Depot  
  57  7:29  Marine x3  
  60  7:36  Terran Infantry Armor Level 1  
  60  7:37  SCV x2  
  60  7:42  Barracks Reactor  
  60  7:43  Siege Tank  
  65  7:47  Marine  
  65  7:48  Marine  
  67  7:53  Supply Depot  
  59  8:06  Marine x3  
  60  8:29  Marine x5  
  60  8:30  Siege Tank  
  60  8:31  Medivac  
  68  8:39  Supply Depot  
  68  8:43  Armory, Engineering Bay  
  68  8:45  SCV x2  
  68  8:47  Marine  
  68  8:48  Marine x4  
  75  8:56  Medivac  
  77  9:06  Marine  
  77  9:07  Marine x4  
  82  9:14  Supply Depot  
  82  9:17  Siege Tank  
  82  9:18  SCV  
  82  9:19  SCV  
  82  9:20  Supply Depot  
  73  10:09  Marine x2  
  73  10:10  Marine x3  
  73  10:11  Viking x2, Siege Tank  
  78  10:27  SCV x2  
  76  10:30  Command Center  
  76  10:34  Marine x4  
  76  10:35  Marine  
  79  10:37  Refinery x2  
  77  10:47  Siege Tank  
  80  10:51  Medivac  
  82  11:05  Command Center, Marine  
  82  11:06  Marine x4  
  87  11:12  Missile Turret  
  87  11:24  Missile Turret  
  87  11:33  SCV x2  
  87  11:35  Marine x3  
Show
View Real Time Build Order
Export as new Build Order

LilDicky Terran 

Build Orders: MMM Bio 

Get SALT Encoding   

  12  0:01  SCV  
  13  0:13  SCV  
  14  0:17  Supply Depot  
  14  0:25  SCV  
  15  0:38  SCV  
  16  0:43  Refinery  
  16  0:45  Barracks  
  16  0:51  SCV  
  17  1:03  SCV  
  18  1:15  SCV  
  19  1:27  SCV  
  20  1:38  Reaper  
  21  1:44  Orbital Command  
  21  1:51  Supply Depot  
  20  1:55  Refinery  
  20  2:04  Factory  
  20  2:10  SCV, Supply Depot  
  21  2:21  Reaper  
  23  2:22  SCV  
  23  2:35  SCV  
  24  2:48  Hellion  
  24  2:49  Command Center  
  26  3:02  Reaper  
  26  3:03  SCV  
  28  3:15  Hellion  
  28  3:23  SCV  
  28  3:25  Starport  
  29  3:29  Supply Depot  
  29  3:34  Reaper  
  30  3:35  SCV  
  30  3:38  Factory Tech Lab  
  31  3:47  SCV  
  31  3:48  Supply Depot  
  32  4:00  SCV  
  34  4:13  Banshee, Hellion, Supply Depot  
  39  4:19  Cloaking Field  
  39  4:21  Orbital Command  
  39  4:24  SCV  
  40  4:26  Barracks Tech Lab  
  40  4:31  Barracks  
  39  4:32  Barracks  
  39  4:35  Hellion  
  41  4:38  SCV  
  42  4:50  Engineering Bay  
  42  4:53  SCV  
  42  4:54  SCV, Marine  
  42  4:58  Stimpack  
  41  5:32  SCV x2  
  41  5:33  Banshee  
  36  5:50  Marine  
  36  5:58  Factory Tech Lab  
  36  5:59  Barracks Tech Lab  
  36  6:00  Marine  
  37  6:04  SCV x2  
  37  6:08  Marine  
  40  6:17  Missile Turret  
  40  6:18  Marine  
  36  6:25  Marine  
  36  6:29  Marine  
  37  6:33  Banshee  
  37  6:34  Siege Tank  
  37  6:35  Combat Shields, Missile Turret, Marine  
  44  6:43  Marine  
  43  6:47  Marine  
  43  6:53  Marine  
  37  7:01  Marine  
  37  7:05  Marine  
  37  7:11  Marine  
  36  7:16  Banshee  
  36  7:19  Marine  
  39  7:23  Marine  
  39  7:29  Marine  
  41  7:31  SCV  
  42  7:37  Siege Tank, Marine  
  42  7:41  Marine  
  47  7:47  Marine  
  47  7:48  SCV, Missile Turret  
  47  7:49  SCV  
  50  7:54  Marine  
  44  8:01  Marine  
  44  8:03  Banshee  
  44  8:04  Marine  
  43  8:12  Marine  
  43  8:19  Marine  
  38  8:29  SCV x2  
  40  8:35  Marine  
  40  8:36  Marine  
  40  8:37  Marine  
  40  8:41  SCV  
  44  8:46  Viking  
  44  8:48  Command Center  
  46  8:53  Marine  
  47  8:58  Marine x2  
  49  9:03  Siege Tank  
  49  9:07  SCV  
  49  9:08  SCV  
  54  9:16  Command Center  
  54  9:19  SCV, Marine  
  56  9:24  SCV  
  56  9:28  Marine x2  
  41  9:44  Viking, Marine  
  42  9:46  Marine x2  
  39  10:02  Marine  
  39  10:04  Marauder, Marine  
  34  10:20  Marine  
  35  10:21  Marine  
  35  10:25  Marine  
  25  10:38  Marine  
  25  10:39  Marine  
  23  10:43  Marine  
  23  10:44  Orbital Command  
  23  10:45  SCV  
  25  10:56  Marine  
  26  10:57  SCV  
  27  11:04  Banshee  
  27  11:05  Siege Tank  
  27  11:06  Marine x2  
  27  11:09  SCV  
  36  11:14  Marine, Orbital Command  
  37  11:23  Marine  
  39  11:30  Orbital Command  
  38  11:47  Refinery  
  38  11:52  Refinery  
Tags
 
Add a new tag
Caveats
  • Supply blocks, unpowered buildings, or Contaminate may cause inaccurate times.
  • Supply counts are checked every 10 seconds.